 Dungeon Crawl Stone Soup version 0.24.1 (webtiles) character file.

Game seed: 13293236479069942088, levelgen mode: deterministic

27 Destapler the Ruffian (level 2, 0/23 HPs)
             Began as a Draconian Transmuter on Mar 29, 2020.
             Was an Initiate of Sif Muna.
             Succumbed to a goblin's poison
             ... on level 2 of the Dungeon.
             The game lasted 00:10:15 (1787 turns).

Destapler the Ruffian (Draconian Transmuter)        Turns: 1787, Time: 00:10:15

Health: 0/23       AC:  4    Str: 12    XL:     2   Next: 93%
Magic:  3/5        EV: 11    Int: 13    God:    Sif Muna [......]
Gold:   93         SH:  4    Dex: 11    Spells: 4/5 levels left

rFire    . . .     SeeInvis .   a - +0 dagger
rCold    . . .     Gourm    .   h - +1 buckler
rNeg     . . .     Faith    .   (armour unavailable)
rPois    .         Spirit   .   (helmet restricted)
rElec    .         Reflect  .   (no cloak)
rCorr    .         Harm     .   (no gloves)
MR       .....                  (no boots)
Stlth    +.........             g - amulet of inaccuracy (curse)
HPRegen  0.07/turn              (no ring)
MPRegen  0.09/turn              (no ring)

@: lethally poisoned (0 -> -6), appendage, very slightly contaminated
A: unfitting armour, horns 2, cold-blooded, AC +4
a: End Transformation, Renounce Religion


You were on level 2 of the Dungeon.
You worshipped Sif Muna.
Sif Muna was noncommittal.
You were not hungry.
You had grown temporary horns.
You visited 1 branch of the dungeon, and saw 2 of its levels.

You collected 93 gold pieces.

Inventory:

Hand Weapons
 a - a +0 dagger (weapon)
Missiles
 b - 88 stones (quivered)
 e - 26 arrows
Armour
 h - a +1 buckler (worn)
Jewellery
 g - a cursed amulet of inaccuracy (around neck)
Scrolls
 d - 2 scrolls of identify
 i - a scroll of magic mapping {unknown}
 k - a scroll of random uselessness {unknown}
Potions
 j - a potion of experience {unknown}
 l - a potion of curing {unknown}
Comestibles
 c - 3 rations
 f - 2 chunks of flesh


   Skills:
 - Level 1.5 Fighting
 - Level 0.5 Short Blades
 - Level 2.0 Dodging
 * Level 0.8 Shields
 - Level 3.0 Unarmed Combat
 + Level 2.2 Spellcasting
 + Level 2.3 Transmutations


You had 4 spell levels left.
You knew the following spells:

 Your Spells              Type           Power        Failure   Level  Hunger
a - Beastly Appendage     Tmut           #.....       14%         1    ##.....

Your spell library contained the following spells:

 Spells                   Type           Power        Failure   Level  Hunger
 Sticks to Snakes         Tmut           #.......     22%         2    ###....
 Spider Form              Tmut/Pois      #.........   56%         3    ####...
 Ice Form                 Ice/Tmut       #.......     93%         4    #####..
 Blade Hands              Tmut           #.........   99%         5    ######.


Dungeon Overview and Level Annotations

Branches:
Dungeon (2/15)

Altars:
Sif Muna
Uskayaw

Annotations:
D:2 Robin


Innate Abilities, Weirdness & Mutations

Your plain brown scales are hard. (AC +4)
You cannot fit into any form of body armour.
You are cold-blooded and may be slowed by cold attacks.
You have a pair of horns on your head.


Message History

The goblin no longer looks unusually strong.
The goblin splashes around in the water. x2
The goblin hits you with a +0 dagger.
The hobgoblin hits you but does no damage.
The goblin hits you with a +2 dagger of venom.
* * * LOW HITPOINT WARNING * * *
You are lethally poisoned!
You closely miss the goblin.
The goblin is moderately wounded.
* * * LOW HITPOINT WARNING * * *
You feel sick.
The goblin no longer looks unusually strong. x2
The goblin barely misses you.
The goblin splashes around in the water.
The goblin misses you.
The hobgoblin hits you but does no damage.
You block the goblin's attack. The goblin hits you but does no damage.
The hobgoblin hits you with a +0 club.
* * * LOW HITPOINT WARNING * * *
You die...

.#...............................
##...............................
#.............÷......##.........
##....................##.........
......................##.........
##########.#..........≈≈..≈.≈....
# #.#.......≈≈..≈..≈.....+ #
#.#....≈.≈≈≈≈≈≈≈≈≈≈.#..# #
#.#####@.≈≈≈≈≈≈≈≈≈≈.#..# # #.#
#.g≈≈≈≈≈≈≈≈≈≈.#..# ##########.#
#gg≈≈≈≈.≈≈≈≈≈.#..# ...........#
#ggg≈≈._.≈≈≈≈≈#..# ############
#..≈≈≈≈..≈≈≈≈.#..#
#.≈≈≈≈≈≈≈≈≈≈.....#
#..≈≈≈≈≈≈≈≈≈g.g..#
#..≈≈g≈≈≈≈≈≈..#..g
#.≈≈≈≈.≈≈≈≈≈..#...


You could see Robin, 2 hobgoblins and 4 goblins.

Vanquished Creatures
  A worm (D:2)
  A ball python (D:1)
  6 bats
  A giant cockroach (D:2)
  A goblin (D:1)
  5 hobgoblins
  A frilled lizard (D:2)
  4 kobolds
  5 rats
25 creatures vanquished.

Notes
Turn   | Place    | Note
-------+----------+-------------------------------------------
     0 | D:1      | Destapler the Draconian Transmuter began the quest for the
                  | Orb.
     0 | D:1      | Reached XP level 1. HP: 16/16 MP: 3/3
   752 | D:1      | Reached XP level 2. HP: 23/23 MP: 5/5
  1210 | D:2      | Noticed a +0 hand axe
  1211 | D:2      | Found a hide-covered altar of Uskayaw.
  1211 | D:2      | Noticed a +0 hand axe
  1408 | D:2      | Found a shimmering blue altar of Sif Muna.
  1416 | D:2      | Became a worshipper of Sif Muna the Loreminder
  1608 | D:2      | Found a faded altar of an unknown god.
  1750 | D:2      | Noticed Robin
  1786 | D:2      | HP: 1/23 [hobgoblin/+0 club[Robin] (3)]
  1787 | D:2      | Succumbed to a goblin's poison

Levels and vault maps discovered:
D:1:      minmay_arrival_stair_chambers, layout_loops_corners
D:2:      layout_basic, lemuel_crystal_altar, dancing_weapons_uskayaw,
          chequers_ecumenical_altar_island, first_ration, minivault_11,
          uniq_robin

Skill      XL: |  1  2 |
---------------+-------+-----
Dodging        | 2 |  2.0
Fighting       | |  1.5
Short Blades   | |  0.5
Shields        | |  0.8
Unarmed Combat | |  3.0
Spellcasting   | |  2.2
Transmutations | |  2.3

Action                   || total
-------------------------++-------
Melee: Dagger            ||    75
       Unarmed           ||    80
       Tailslap          ||    11
       Kick              ||     1
       Headbutt          ||     3
Throw: Stone             ||     3
 Cast: Beastly Appendage ||     8
  Use: Scroll            ||     2
  Eat: Chunk             ||     3
Armor: Skin              ||    56
Dodge: Dodged            ||   110
Block: Buckler           ||    34
